 Dungeon Crawl Stone Soup version 0.25.0-11-g1f837a7 (webtiles) character file.

Game seed: 11035544849600837906

505 adizb the Slinger (level 7, -1/46 HPs)
             Began as a Halfling Hunter on June 24, 2020.
             Was a Believer of Okawaru.
             Slain by an orc wizard
             ... wielding a +1 dagger of distortion
              (13 damage)
             ... on level 3 of the Dungeon.
             The game lasted 00:25:38 (2500 turns).

adizb the Slinger (Halfling Hunter)                 Turns: 2500, Time: 00:25:38

Health: -1/46      AC:  4    Str: 14    XL:     7   Next: 41%
Magic:  7/7        EV: 15    Int:  9    God:    Okawaru [**....]
Gold:   120        SH:  0    Dex: 22    Spells: 6/6 levels left

rFire    + . .     SeeInvis .   b - +0 short sword
rCold    . . .     Gourm    .   (shield restricted)
rNeg     . . .     Faith    .   r - +1 leather armour {rF+}
rPois    .         Spirit   .   (no helmet)
rElec    .         Reflect  .   (no cloak)
rCorr    .         Harm     .   (no gloves)
MR       .....                  (no boots)
Stlth    ++........             (no amulet)
HPRegen  0.15/turn              k - +6 ring of dexterity
MPRegen  0.10/turn              (no ring)

@: no status effects
A: small, mutation resistance 1
a: Heroism, Renounce Religion


You were on level 3 of the Dungeon.
You worshipped Okawaru.
Okawaru was pleased with you.
You were not hungry.

You visited 1 branch of the dungeon, and saw 3 of its levels.
You visited the Abyss 1 time.

You collected 120 gold pieces.

Inventory:

Hand Weapons
 a - a +1 hunting sling
 b - a +0 short sword (weapon)
Missiles
 d - 7 sling bullets
 e - 9 boomerangs (quivered)
 m - 93 stones
 w - 7 poisoned darts
Armour
 i - a +2 animal skin
 r - a +1 leather armour of fire resistance (worn)
Jewellery
 k - a +6 ring of dexterity (left hand)
Scrolls
 h - 13 scrolls of identify
 p - a scroll of teleportation {unknown}
 q - a scroll of blinking {unknown}
 t - a scroll of remove curse {unknown}
 v - a scroll of magic mapping {unknown}
Potions
 c - 2 potions of stabbing {unknown}
 g - a potion of brilliance {unknown}
 j - a potion of heal wounds {unknown}
 l - a potion of mutation {unknown}
 n - a potion of flight {unknown}
 o - a potion of ambrosia {unknown}
 s - a potion of haste {unknown}
 u - 2 potions of curing {unknown}
Comestibles
 f - 3 rations
 x - a chunk of flesh


   Skills:
 + Level 3.0 Fighting
 + Level 0.0 Short Blades
 + Level 10.7 Slings
 - Level 1.3 Armour
 + Level 2.4 Dodging
 + Level 1.4 Stealth


You had 6 spell levels left.
You didn't know any spells.
Your spell library was empty.

Dungeon Overview and Level Annotations

Branches:
Dungeon (3/15)

Altars:
Ashenzari
Okawaru
Ru


Innate Abilities, Weirdness & Mutations

You are small and have problems with some larger weapons.
You are somewhat resistant to further mutation.


Message History

Press: ? - help, Shift-Dir - straight line, f/p - orc wizard
Aim: an orc wizard, wielding a +1 dagger of distortion and wearing a +0 robe (moderately wounded, mute)
You shoot a stone. The stone hits the orc wizard.
The orc wizard is heavily wounded.
b - a +0 short sword (weapon)
The orc wizard hits you with a +1 dagger of distortion.
You closely miss the orc wizard.
The orc wizard is heavily wounded.
The orc wizard hits you with a +1 dagger of distortion.
Space bends around you.
You closely miss the orc wizard.
The orc wizard is heavily wounded.
The orc wizard hits you with a +1 dagger of distortion.
Space warps horribly around you!
You hit the orc wizard.
The orc wizard is severely wounded.
The orc wizard hits you with a +1 dagger of distortion.
* * * LOW HITPOINT WARNING * * *
Space warps horribly around you!
You die...

.........# #.# ...####.##
#.# #.. ...# ... ).##.#.+
'###### ## #... #.# ..(
.♣♣♣#.#######.# ##.# #...
†..♣#.........# #..#
..... ##.♣#..#####.)#
#..###._(#
#⌠..'..#####..###..#((...
##.♣#.....##....@o.#.((#
†..♣#..##.##.####..#(..#
.♣♣♣#..##.##.# #..'# '##
#......>.# #.....# ..#
####..#### ####### #.#
#.## #.# #.# #.### #.#
....# #.#


You could see an orc wizard (mute).

Vanquished Creatures
  Sigmund (D:2)
  3 orc priests
  Terence (D:3)
  Robin (D:2)
  5 gnolls (D:2)
  5 adders
  3 dart slugs (D:1)
  5 worms
  A leopard gecko (D:3)
  11 orcs
  8 bats
  5 giant cockroaches
  8 hobgoblins
  A quokka (D:2)
  A ball python (D:1)
  3 frilled lizards (D:2)
  20 goblins
  10 kobolds
  A leopard gecko skeleton (D:2)
  10 rats
  2 plants (D:2)
105 creatures vanquished.

Notes
Turn   | Place    | Note
-------+----------+-------------------------------------------
     0 | D:1      | adizb the Halfling Hunter began the quest for the Orb.
     0 | D:1      | Reached XP level 1. HP: 14/14 MP: 1/1
    10 | D:1      | Reached skill level 6 in Slings
    51 | D:1      | Reached XP level 2. HP: 19/19 MP: 2/2
   422 | D:1      | Reached skill level 7 in Slings
   422 | D:1      | Reached XP level 3. HP: 24/24 MP: 3/3
   776 | D:2      | Reached XP level 4. HP: 19/29 MP: 4/4
   781 | D:2      | Reached skill level 8 in Slings
   797 | D:2      | Found an iron altar of Okawaru.
   816 | D:2      | Became a worshipper of Warmaster Okawaru
   853 | D:2      | Noticed Sigmund
   862 | D:2      | Killed Sigmund
   862 | D:2      | Reached * piety under Okawaru
   862 | D:2      | Reached skill level 9 in Slings
   862 | D:2      | Reached XP level 5. HP: 32/35 MP: 5/5
   862 | D:2      | Reached XP level 6. HP: 38/41 MP: 6/6
  1309 | D:2      | Reached skill level 1 in Armour
  1423 | D:2      | Noticed Robin
  1499 | D:2      | Killed Robin
  1739 | D:2      | Reached skill level 10 in Slings
  1748 | D:2      | Reached XP level 7. HP: 45/45 MP: 7/7
  1863 | D:3      | Noticed Terence
  1876 | D:3      | Killed Terence
  1946 | D:3      | Reached ** piety under Okawaru
  2096 | D:3      | Found a shattered altar of Ashenzari.
  2474 | D:3      | Found a sacrificial altar of Ru.
  2484 | D:3      | Cast into level 2 of the Abyss (orc wizard)
  2491 | D:3      | Escaped the Abyss
  2500 | D:3      | Slain by an orc wizard

Illustrated notes

Levels and vault maps discovered:
D:1:      dpeg_arrival_rhombus, layout_loops_cross, minmay_unequal
D:2:      cheibrodos_pilgrimage, layout_loops_ring,
          yredelemnul_forgotten_temple_becter, okawaru_altar_gauntlet_db,
          serial_bayou_lagoon_a, st_stairs_10, uniq_robin, uniq_sigmund
D:3:      layout_loops_cross, evilmike_ruin_ashenzari,
          nicolae_ru_great_annihilating_truth, kennysheep_generic_room_11,
          uniq_terence

Skill      XL: |  1  2  3  4  5  6  7 |
---------------+----------------------+-----
Slings         | 6 7 9 10 | 10.7
Fighting       | 2 3 |  3.0
Armour         | 1 |  1.3
Dodging        | |  2.4
Stealth        | |  1.4

Action                   |  1- 3 |  4- 6 |  7- 9 || total
-------------------------+-------+-------+-------++-------
Melee: Short sword       |       |   159 |     8 ||   167
 Fire: Hunting sling     |    65 |   144 |   117 ||   326
Throw: Boomerang         |       |     2 |       ||     2
  Use: Scroll            |     1 |       |       ||     1
  Eat: Chunk             |       |     3 |     2 ||     5
Armor: Leather armour    |     2 |    11 |     3 ||    16
Dodge: Dodged            |    15 |    43 |    23 ||    81
